AoeStats
← WDDR

Arabia

509625999Analyzed
1v1 RM · 5d ago on Sep 27, 2026· 33m 12s· 2 players
Game mode
Random Map
Map size
Tiny (2 player)
Population
200
Speed
Normal
Resources
Standard
Victory
Conquest
Starting age
Dark Age
Ending age
Imperial Age
RankedLock teamsTeams togetherTeam positionsShared explorationLock speedFull tech treeHidden civsTurbo modeCheats
Victory
Defeat
🇨🇳 Mongols · China
1334
+18
🇨🇳 Hindustanis · China
1376
-18
是关中王来了
2:19 Loom
9:06 Feudal Age
10:09 Double-Bit Axe
13:56 Horse Collar
21:12 Castle Age
21:21 Forging
21:13 Scale Mail Armor
21:48 Bloodlines
21:23 Pikeman
22:48 Squires
24:49 Iron Casting
25:10 Bow Saw
27:50 Heavy Plow
27:45 Gold Mining
29:08 Wheelbarrow
30:52 Gold Shaft Mining
30:57 Guard Tower
31:30 Ballistics
32:03 Fletching
32:13 Padded Archer Armor
WDDR
6:06 Loom
9:23 Feudal Age
10:16 Double-Bit Axe
12:10 Horse Collar
18:34 Forging
20:46 Scale Barding Armor
25:30 Castle Age
23:40 Gold Mining
25:56 Light Cavalry
26:46 Bloodlines
34:54 Imperial Age
Connection lost

Rejoining the realm…

Still unreachable

The connection could not be restored.

Session expired

The server has moved on; the page needs a fresh start.